 Dungeon Crawl Stone Soup version 0.18.1-1-g2f07953 (webtiles) character file.

318 epen the Ruffian (level 6, -4/50 HPs)
             Began as a Draconian Transmuter on May 7, 2016.
             Was an Initiate of Cheibriados.
             Slain by an ogre
             ... wielding a +0 giant club
              (17 damage)
             ... on level 5 of the Dungeon.
             The game lasted 00:09:22 (4342 turns).

epen the Ruffian (Draconian Transmuter)             Turns: 4342, Time: 00:09:23

Health: -4/50      AC:  9    Str: 13    XL:     6   Next: 21%
Magic:  4/10       EV: 12    Int: 17    God:    Cheibriados [......]
Gold:   151        SH:  0    Dex: 12    Spells: 3 memorised, 4 levels left

rFire  + . .     SeeInvis .       - Unarmed
rCold  . . .     Gourm    .     (armour unavailable)
rNeg   . . .     Faith    .     (no shield)
rPois  .         Spirit   .     d - +2 hat
rElec  .         Dismiss  .     y - +0 cloak
rCorr  .         Reflect  .     (no gloves)
SustAt .         Harm     +     (boots currently unavailable)
MR     .....                    A - amulet of harm
Stlth  +.........               (no ring)
                                q - ring of protection from fire

@: appendage, very slow, not resistant to hostile enchantments, very unstealthy
A: unfitting armour, talons 3, cold-blooded, AC +6
a: End Transformation, Bend Time, Renounce Religion


You were on level 5 of the Dungeon.
You worshipped Cheibriados.
Cheibriados was noncommittal.
You were not hungry.
You had grown temporary talons.
You visited 2 branches of the dungeon, and saw 6 of its levels.

You collected 151 gold pieces.

Inventory:

Missiles
 a - 71 arrows
Armour
 d - a +2 hat (worn)
 y - a +0 cloak (worn)
Jewellery
 q - a ring of protection from fire (left hand)
 A - an amulet of harm (around neck)
Wands
 x - a wand of lightning (4/15)
 z - a wand of digging (5/24)
Scrolls
 e - a scroll of recharging {unknown}
 f - 2 scrolls of remove curse {unknown}
 g - 3 scrolls of amnesia {unknown}
 k - 3 scrolls of magic mapping {unknown}
 o - 2 scrolls of enchant weapon {unknown}
 s - 2 scrolls of identify {unknown}
 t - a scroll of fear {unknown}
 u - a scroll of fog {unknown}
 v - 3 scrolls of teleportation {unknown}
Potions
 i - a potion of curing {unknown}
 j - a potion of berserk rage {unknown}
 l - a potion of invisibility {unknown}
 m - a potion of flight {unknown}
 n - a potion of brilliance {unknown}
 p - 4 potions of might {unknown}
 B - a potion of lignification {unknown}
Books
 b - a book of Changes

   Spells                             Type                      Level
   a - Beastly Appendage              Transmutation                1
   b - Sticks to Snakes               Transmutation                2
   c - Spider Form                    Transmutation/Poison         3
   d - Ice Form                       Ice/Transmutation            4
   e - Blade Hands                    Transmutation                5
 r - a book of Conjurations

   Spells                             Type                      Level
   a - Magic Dart                     Conjuration                  1
   b - Searing Ray                    Conjuration                  2
   c - Dazzling Spray                 Conjuration/Hexes            3
   d - Fulminant Prism                Conjuration/Hexes            4
   e - Iskenderun's Mystic Blast      Conjuration                  4
   f - Iskenderun's Battlesphere      Conjuration/Charms           5
Comestibles
 c - 5 bread rations
 h - 2 beef jerkies
 w - 2 meat rations


   Skills:
 + Level 2.4 Fighting
 + Level 2.5 Dodging
 * Level 4.5 Unarmed Combat
 + Level 2.6 Spellcasting
 * Level 4.2 Transmutations


You had 4 spell levels left.
You knew the following spells:

 Your Spells              Type           Power        Failure   Level  Hunger
a - Beastly Appendage     Trmt           ###...       3%          1    #......
b - Sticks to Snakes      Trmt           ###.....     6%          2    ##.....
c - Spider Form           Trmt/Pois      #.........   24%         3    ###....


Dungeon Overview and Level Annotations

Branches:
Dungeon (5/15)             Temple (1/1) D:5

Altars:
Ashenzari
Cheibriados
Kikubaaqudgha
Okawaru
Qazlal
Ru
Yredelemnul
The Shining One

Annotations:
D:4 Shenda's ghost, novice DrTm


Innate Abilities, Weirdness & Mutations

Your plain brown scales are hard (AC +6).
Your body does not fit into most forms of armour.
You are cold-blooded and may be slowed by cold attacks.
You have claws for feet.


Message History

Your ball python bites the ogre.
The ogre misses you.
Casting: Beastly Appendage
Confirm with . or Enter, or press ? or * to list all spells.
You extend your transformation's duration.
Your ball python bites the ogre.
Unknown command.
The flow of time bends around you. Cheibriados rebukes your ball python.
Your ball python seems to slow down.
The ogre resists with some effort.
You feel slightly more hungry. The ogre completely misses you.
Your ball python bites the ogre.
Unknown command.
You hit the ogre. You claw the ogre, but do no damage.
The ogre is heavily wounded.
The ogre misses you.
Your ball python barely misses the ogre.
You hit the ogre but do no damage. Your kick misses the ogre.
The ogre is heavily wounded.
The ogre hits you with a giant club!
You die...

..................##
#.##...##
.....)......O.......
.......<.
...............?#
###.#.####...
................## #....
#...
>...............)##..####
##..
................)........
.o.
...............##........
...
...............##O......#
o..
#.....##.....#..@S......#
.#.Z
##############....##...##
#....# ...# #....# ....
#....# .## #...(# (#
#....# #....#


You could see an ogre and a friendly ball python.

Vanquished Creatures
  An orc wizard (D:3)
  An orc priest (D:5)
  Jessica (D:2)
  Natasha (twice) (D:2)
  9 adders
  An ooze (D:5)
  An adder skeleton (D:4)
  2 worms (D:2)
  A giant gecko (D:3)
  5 orcs (D:3)
  3 giant cockroaches
  6 goblins
  3 hobgoblins
  8 jackals
  A quokka (D:5)
  A ball python (D:2)
  8 bats
  3 giant newts
  A jackal skeleton (D:4)
  6 kobolds
  5 rats
69 creatures vanquished.

Vanquished Creatures (collateral kills)
  A worker ant (D:4)
  An orc wizard (D:5)
  An orc (D:5)
  A giant newt (D:5)
4 creatures vanquished.

Grand Total: 73 creatures vanquished

Notes
Turn   | Place    | Note
--------------------------------------------------------------
     0 | D:1      | epen the Draconian Transmuter began the quest for the Orb.
     0 | D:1      | Reached XP level 1. HP: 16/16 MP: 3/3
   232 | D:1      | Reached XP level 2. HP: 19/23 MP: 5/5
   758 | D:2      | Learned a level 2 spell: Sticks to Snakes
  1344 | D:2      | Reached XP level 3. HP: 20/28 MP: 4/6
  1446 | D:2      | Learned a level 3 spell: Spider Form
  1557 | D:2      | Noticed Jessica
  1562 | D:2      | Killed Jessica
  1618 | D:2      | Noticed Natasha
  1628 | D:2      | Killed Natasha
  1628 | D:2      | Reached XP level 4. HP: 31/36 MP: 7/7
  1771 | D:2      | Noticed Natasha
  1802 | D:2      | Killed Natasha
  2164 | D:3      | Reached XP level 5. HP: 41/41 MP: 8/8
  2809 | D:4      | Noticed Shenda's ghost (novice DrTm)
  3516 | D:4      | Reached XP level 6. HP: 31/50 MP: 7/10
  3767 | D:5      | Entered Level 5 of the Dungeon
  4113 | D:5      | Found a staircase to the Ecumenical Temple.
  4128 | Temple   | Entered the Ecumenical Temple
  4147 | Temple   | Became a worshipper of Cheibriados the Contemplative
  4342 | D:5      | Slain by an ogre

Skill      XL: |  1  2  3  4  5 |
---------------+----------------+-----
Transmutations | 3 4 |  4.2
Dodging        | 2 |  2.5
Fighting       | 2 |  2.4
Unarmed Combat | 4 |  4.5
Spellcasting   | |  2.6

Action                   |  1- 3 |  4- 6 || total
-------------------------+-------+-------++-------
Melee: Unarmed           |   138 |   231 ||   369
       Tailslap          |    15 |    14 ||    29
       Headbutt          |     4 |     3 ||     7
       Kick              |     4 |     8 ||    12
       Punch             |       |     3 ||     3
 Cast: Beastly Appendage |     4 |     9 ||    13
       Sticks to Snakes  |     1 |     8 ||     9
Invok: Bend Time         |       |     1 ||     1
 Stab: Sleeping          |     1 |       ||     1
       Distracted        |       |     1 ||     1
  Eat: Chunk             |     2 |     5 ||     7
       Meat ration       |       |     1 ||     1
Armor: Skin              |    31 |    84 ||   115
Dodge: Dodged            |    89 |   159 ||   248
